AoeStats
← luke

Four Lakes

510190231Analyzed
1v1 RM · 4d ago on Sep 29, 2026· 42m 15s· 2 players
Game mode
Random Map
Map size
Tiny (2 player)
Population
200
Speed
Normal
Resources
Standard
Victory
Conquest
Starting age
Dark Age
Ending age
Imperial Age
RankedLock teamsTeams togetherTeam positionsShared explorationLock speedFull tech treeHidden civsTurbo modeCheats
Victory
Defeat
🇪🇸 Berbers · Spain
839
+14
🇬🇧 Huns · United Kingdom
788
-14
luke
3:58 Loom
13:43 Feudal Age
15:20 Double-Bit Axe
15:17 Horse Collar
21:52 Castle Age
20:08 Fletching
20:18 Padded Archer Armor
20:19 Scale Mail Armor
20:25 Scale Barding Armor
20:52 Stone Mining
21:20 Forging
20:38 Man-at-Arms
21:21 Gold Mining
22:21 Pikeman
25:03 Long Swordsman
36:49 Imperial Age
34:56 Crossbowman
34:57 Elite Skirmisher
38:00 Leather Archer Armor
Dentato
11:30 Feudal Age
12:16 Double-Bit Axe
12:35 Fishing Lines
13:10 Loom
17:59 Bloodlines
22:14 Castle Age
20:55 Scale Barding Armor
22:49 Light Cavalry
24:26 Chain Barding Armor
24:46 Bow Saw
29:53 Imperial Age
27:29 Stone Mining
27:55 Gold Mining
28:51 Stone Shaft Mining
27:56 Pikeman
28:37 Squires
31:36 Conscription
31:30 Scale Mail Armor
35:42 Capped Ram
Connection lost

Rejoining the realm…

Still unreachable

The connection could not be restored.

Session expired

The server has moved on; the page needs a fresh start.